 Dungeon Crawl Stone Soup version 0.25.0-33-gff14898491 (webtiles) character file.

Game seed: 2810531219022690808

5422 Ethylacetat the Slicer (level 10, -3/72 HPs)
             Began as an Octopode Assassin on July 7, 2020.
             Was a Believer of Dithmenos.
             Slain by a hippogriff (4 damage)
             ... on level 9 of the Dungeon.
             The game lasted 00:25:09 (10604 turns).

Ethylacetat the Slicer (Octopode Assassin)         Turns: 10604, Time: 00:25:10

Health: -3/72      AC:  1    Str: 13    XL:     10   Next: 67%
Magic:  22/22      EV: 17    Int: 14    God:    Dithmenos [**....]
Gold:   390        SH:  6    Dex: 20    Spells: 9/9 levels left

rFire    + . .     SeeInvis .   a - +2 dagger
rCold    . . .     Gourm    .   t - +0 buckler
rNeg     . . .     Faith    .   (helmet restricted)
rPois    .         Spirit   .   (no amulet)
rElec    .         Reflect  .   i - ring of protection from fire
rCorr    +         Harm     .   j - +6 ring of dexterity
MR       .....                  n - ring of magical power
Stlth    +++++++...             o - +4 ring of evasion
HPRegen  0.22/turn              w - ring of resist corrosion
MPRegen  0.18/turn              (no ring)
                                (no ring)
                                (no ring)

@: wreathed by umbra
A: almost no armour, stealthy swim, amphibious, 8 rings, constrict 8, camouflage
1, gelatinous body 1
a: Shadow Step, Renounce Religion


You were on level 9 of the Dungeon.
You worshipped Dithmenos.
Dithmenos was pleased with you.
You were very hungry.

You visited 2 branches of the dungeon, and saw 10 of its levels.

You collected 390 gold pieces.

Inventory:

Hand Weapons
 a - a +2 dagger (weapon)
Missiles
 b - 54 poisoned darts (quivered)
 c - 2 curare-tipped darts
 D - 5 atropa-tipped darts
Armour
 t - a +0 buckler (worn)
Jewellery
 i - a ring of protection from fire (left tentacle)
 j - a +6 ring of dexterity (right tentacle)
 n - a ring of magical power (on tentacle)
 o - a +4 ring of evasion (on tentacle)
 w - a ring of resist corrosion (on tentacle)
Wands
 F - a wand of paralysis (7)
 J - a wand of acid (17)
Scrolls
 e - 10 scrolls of identify
 f - 2 scrolls of amnesia
 h - a scroll of magic mapping {unknown}
 l - 2 scrolls of remove curse
 m - 3 scrolls of noise {unknown}
 p - 5 scrolls of enchant weapon {unknown}
 r - 2 scrolls of teleportation {unknown}
 y - a scroll of vulnerability {unknown}
 z - a scroll of fear {unknown}
 C - 4 scrolls of fog {unknown}
 E - a scroll of blinking {unknown}
Potions
 g - 7 potions of curing {unknown}
 k - a potion of invisibility {unknown}
 q - a potion of cancellation {unknown}
 s - 2 potions of resistance {unknown}
 u - 2 potions of haste {unknown}
 v - a potion of stabbing {unknown}
 x - 2 potions of brilliance
 A - 2 potions of magic {unknown}
 B - 5 potions of flight {unknown}
 G - a potion of lignification {unknown}
 H - a potion of mutation {unknown}
Comestibles
 d - 18 rations


   Skills:
 + Level 8.0 Fighting
 * Level 11.0 Short Blades
 - Level 2.0 Throwing
 - Level 1.0 Dodging
 + Level 8.6 Stealth
 - Level 4.0 Shields
 + Level 4.9 Invocations


You had 9 spell levels left.
You didn't know any spells.
Your spell library was empty.

Dungeon Overview and Level Annotations

Branches:
Dungeon (9/15)             Temple (1/1) D:6            Lair (0/6) D:9
    Orc (0/2) D:9

Altars:
Ashenzari
Cheibriados
Dithmenos
Elyvilon
Fedhas
Gozag
Hepliaklqana
Kikubaaqudgha
Makhleb
Nemelex Xobeh
Okawaru
Ru
Sif Muna
Trog
Uskayaw
Vehumet
Xom
Yredelemnul
Zin
The Shining One

Shops:
D:4 [


Innate Abilities, Weirdness & Mutations

You cannot wear most types of armour.
You are very stealthy in the water. (Stealth+)
You are amphibious.
You can wear up to eight rings at the same time.
You can use your tentacles to constrict eight enemies at once.
Your skin changes colour to match your surroundings (Stealth+).
Your rubbery body absorbs attacks. (AC +1, EV +1)


Message History

You closely miss the hippogriff. You squeeze the hippogriff.
The hippogriff is heavily wounded.
You hit the hippogriff but do no damage.
The hippogriff is heavily wounded.
The hippogriff barely misses you. The hippogriff misses you. x2
You barely miss the hippogriff.
The hippogriff is heavily wounded.
You hit the hippogriff.
The hippogriff is heavily wounded.
The hippogriff bites you.
* * * LOW HITPOINT WARNING * * *
The hippogriff closely misses you. The hippogriff barely misses you.
You hit the hippogriff.
The hippogriff is severely wounded.
You hit the hippogriff.
The hippogriff is severely wounded.
The hippogriff barely misses you. The hippogriff pecks you!
* * * LOW HITPOINT WARNING * * *
The hippogriff claws you.
You die...

#........# ####'##### ## ##.#
#. #..# ##' #.## #.. #.# #..
########## ##.##### #..
#........########......# #..
#........'H@...##..>...###..
#...P.†P..####...........#..
.'.....KP....#####......#.'..
.......PPPP....# ##.#######..
PP....P.P.PP.PP.P##.# #..
..P.PP..PPPPP..?P##.# ##'
.P.PP.P...PP.P.P....# #.
P..P..PP......P.P. .. ##


.P..>PPP.PPPP.. You could see a hippogriff and a kobold.

Vanquished Creatures
  A hippogriff (D:9)
  Sigmund (D:2)
  6 yaks
  2 porcupines (D:9)
  7 orc warriors
  4 sky beasts
  A black bear (D:9)
  An ogre (D:7)
  A phantom (D:5)
  5 centaurs
  A crocodile (D:9)
  2 big kobolds
  10 bullfrogs
  A gnoll sergeant (D:8)
  3 scorpions
  2 howler monkeys (D:7)
  4 crimson imps
  A bullfrog zombie (D:9)
  A jelly (D:8)
  A hound (D:6)
  4 orc priests
  3 bullfrog skeletons
  2 centaur skeletons
  An iguana (D:7)
  4 orc wizards
  5 worker ants
  A hound skeleton (D:8)
  2 hound zombies
  3 worker ant zombies
  9 gnolls
  7 adders
  2 shadow imps
  4 oozes
  2 adder zombies
  3 dart slugs
  2 worms
  6 leopard geckos
  32 orcs
  A ball python (D:1)
  10 giant cockroaches
  17 goblins
  18 hobgoblins
  7 jackals
  3 quokkas
  5 bats
  9 frilled lizards
  15 kobolds
  5 rats
237 creatures vanquished.

Vanquished Creatures (others)
  24 fungi (D:9)
  2 plants (D:9)
26 creatures vanquished.

Grand Total: 263 creatures vanquished

Notes
Turn   | Place    | Note
-------+----------+-------------------------------------------
     0 | D:1      | Ethylacetat the Octopode Assassin began the quest for the
                  | Orb.
     0 | D:1      | Reached XP level 1. HP: 14/14 MP: 1/1
   135 | D:1      | Reached XP level 2. HP: 19/19 MP: 2/2
   484 | D:1      | Reached skill level 3 in Short Blades
   602 | D:1      | Reached XP level 3. HP: 25/25 MP: 3/3
  1193 | D:2      | Reached XP level 4. HP: 21/30 MP: 4/4
  1312 | D:2      | Noticed Sigmund
  1323 | D:2      | Killed Sigmund
  1323 | D:2      | Reached skill level 5 in Short Blades
  1323 | D:2      | Reached XP level 5. HP: 13/37 MP: 5/5
  1608 | D:2      | Reached XP level 6. HP: 43/43 MP: 6/6
  2795 | D:4      | Found an opulent altar of Gozag.
  2843 | D:4      | Found Tenykit's Armour Boutique.
  3252 | D:4      | Reached skill level 6 in Short Blades
  3527 | D:5      | Entered Level 5 of the Dungeon
  3539 | D:5      | Reached XP level 7. HP: 49/49 MP: 7/7
  3590 | D:5      | Reached skill level 1 in Shields
  3972 | D:5      | Reached skill level 5 in Fighting
  3972 | D:5      | Reached skill level 7 in Short Blades
  4164 | D:5      | Reached XP level 8. HP: 34/55 MP: 8/8
  5470 | D:6      | Found a blossoming altar of Fedhas.
  5553 | D:6      | Reached skill level 8 in Short Blades
  6166 | D:6      | Reached XP level 9. HP: 61/62 MP: 9/9
  6257 | D:6      | Found a staircase to the Ecumenical Temple.
  6294 | Temple   | Entered the Ecumenical Temple
  6411 | Temple   | Became a worshipper of Dithmenos the Shadowed
  6670 | D:7      | Reached skill level 9 in Short Blades
  6778 | D:7      | Reached skill level 1 in Invocations
  7442 | D:7      | Found a sparkling altar of Nemelex Xobeh.
  8301 | D:8      | Reached * piety under Dithmenos
  8329 | D:8      | Found a snail-covered altar of Cheibriados.
  8539 | D:8      | Reached skill level 10 in Short Blades
  8670 | D:8      | Found a glowing golden altar of the Shining One.
  8804 | D:8      | Reached XP level 10. HP: 34/71 MP: 12/12
  9035 | D:8      | Found a shadowy altar of Dithmenos.
  9674 | D:9      | Found a staircase to the Orcish Mines.
  9712 | D:9      | Reached ** piety under Dithmenos
 10276 | D:8      | Reached skill level 11 in Short Blades
 10572 | D:9      | Found a staircase to the Lair.
 10604 | D:9      | HP: 1/72 [hippogriff (7)]
 10604 | D:9      | Slain by a hippogriff

Illustrated notes

Levels and vault maps discovered:
D:1:      ncdulo_halloftheorcs, layout_basic
D:2:      layout_loops_ring, first_ration, minmay_misc_feat_enclosed,
          uniq_sigmund
D:3:      layout_rooms
D:4:      layout_basic, nicolae_gozag_seed_capital, serial_shops,
          nicolae_shop_statue_plus
D:5:      corexii_shantytown, layout_basic, kennysheep_generic_room_16
D:6:      layout_loops_ring, old_standard_altar, minmay_temple_entry_statues,
          minmay_holes
D:7:      layout_gridville, nemelex_xobeh_ov_fountains_minmay
D:8:      layout_loops_ring, tso_oasis_becter, lemuel_crystal_altar, basic_altar
D:9:      layout_roguey, nicolae_overflow_hidden_temple, marbit_many_paths,
          due_lair_maze_entry_diamond, orc_0_dummy
Temple:   regret_index_temple_generic_petals

Skill      XL: |  1  2  3  4  5  6  7  8  9 10 |
---------------+-------------------------------+-----
Short Blades   | 3 5 6 7 8 10 11 | 11.0
Fighting       | 3 4 5 6 7 8 |  8.0
Shields        | 2 4 |  4.0
Invocations    | 3 4 |  4.9
Stealth        | 7 8 |  8.6
Throwing       | |  2.0
Dodging        | |  1.0

Action                   |  1- 3 |  4- 6 |  7- 9 | 10-12 || total
-------------------------+-------+-------+-------+-------++-------
Melee: Dagger            |    53 |   112 |   429 |   210 ||   804
       Constrict         |    12 |    26 |    71 |    19 ||   128
       Tentacles         |     8 |    14 |   115 |    72 ||   209
  Use: Scroll            |       |       |     3 |       ||     3
 Stab: Sleeping          |    17 |    15 |    29 |     6 ||    67
  Eat: Chunk             |     1 |     7 |    17 |     4 ||    29
Armor: Skin              |     4 |     5 |     2 |     1 ||    12
Dodge: Dodged            |    23 |    62 |   165 |    99 ||   349
Block: Buckler           |       |       |    56 |    32 ||    88
